Map: Frost LE

Players

Elazer

  • Race: Zerg Zerg
  • League: Grandmaster

Harstem - Winner!

  • Race: Protoss Protoss
  • League: Master

Event: Polygon Gaming Invitational 3

VOD

Have the link to the VOD?

Description

Time

  • Played on: July 23, 2016, 2:05 p.m.
  • Length: 13:23

All games in this series

Show
View Real Time Build Order
Export as new Build Order

Elazer Zerg 

Build Orders: Hatch First, Lurkers 

Get SALT Encoding   

  12  0:01  Drone  
  13  0:12  Overlord  
  13  0:17  Drone  
  14  0:30  Drone x2  
  16  0:38  Drone  
  17  0:51  Hatchery  
  17  0:55  Drone  
  17  0:57  Drone  
  18  1:08  Extractor  
  17  1:13  Spawning Pool  
  17  1:15  Drone  
  17  1:19  Drone  
  18  1:28  Drone  
  19  1:39  Overlord  
  19  1:58  Drone  
  19  1:59  Queen  
  19  2:01  Drone  
  23  2:03  Queen  
  23  2:04  Zergling x2  
  23  2:07  Metabolic Boost  
  26  2:11  Drone  
  26  2:15  Drone  
  28  2:25  Drone x2  
  30  2:39  Hatchery  
  30  2:41  Queen  
  31  2:45  Drone  
  31  2:48  Overlord  
  32  2:53  Drone x2  
  34  3:00  Zergling x4  
  36  3:07  Drone x3  
  36  3:10  Overlord  
  39  3:13  Drone  
  39  3:14  Drone x2  
  39  3:19  Queen  
  44  3:27  Overlord  
  44  3:28  Drone  
  44  3:29  Drone  
  44  3:30  Drone  
  47  3:35  Drone  
  47  3:38  Drone x2  
  47  3:40  Extractor  
  49  3:42  Drone  
  50  3:52  Roach Warren  
  50  3:53  Queen  
  51  3:55  Overlord  
  51  3:57  Drone x2  
  51  4:00  Queen  
  55  4:14  Lair  
  55  4:15  Drone x2  
  57  4:20  Drone x2  
  59  4:26  Overlord  
  59  4:27  Drone x3  
  59  4:28  Drone, Spine Crawler  
  61  4:33  Roach  
  61  4:34  Roach x3  
  61  4:38  Roach  
  71  4:42  Roach  
  73  4:47  Drone x2  
  73  4:48  Extractor  
  73  4:49  Drone x3  
  73  4:51  Drone  
  73  4:52  Evolution Chamber  
  77  4:53  Roach  
  77  4:58  Roach  
  81  5:01  Spore Crawler x2  
  81  5:04  Overlord  
  77  5:12  Overseer  
  77  5:13  Drone x5  
  81  5:18  Drone  
  82  5:24  Zerg Missile Weapons Level 1  
  82  5:25  Glial Reconstitution  
  80  5:30  Drone x2  
  80  5:33  Drone x2  
  81  5:41  Extractor  
  81  5:42  Hydralisk Den  
  79  5:50  Hatchery  
  79  5:52  Spore Crawler  
  79  5:56  Overlord  
  76  6:00  Overlord  
  76  6:03  Pneumatized Carapace  
  76  6:04  Drone  
  76  6:07  Drone  
  76  6:09  Drone x4  
  82  6:18  Lurker Den  
  82  6:20  Drone x3  
  85  6:27  Drone x4  
  89  6:35  Overlord  
  89  6:37  Drone x2  
  89  6:38  Drone  
  89  6:39  Drone  
  94  6:40  Drone  
  93  6:49  Hydralisk x2  
  97  6:56  Overlord  
  97  7:01  Extractor  
  97  7:03  Extractor, Drone x3  
  97  7:04  Drone x3, Hydralisk  
  97  7:07  Hydralisk  
  105  7:16  Hydralisk x2  
  109  7:26  Overlord x2  
  109  7:31  Hydralisk x4  
  117  7:45  Muscular Augments, Lurker x3  
  117  7:48  Zerg Ground Armor Level 1  
  120  7:53  Hydralisk x2  
  120  7:55  Zergling x6  
  120  7:56  Zergling x14  
  134  8:01  Hatchery  
  134  8:04  Overlord  
  133  8:10  Lurker x2  
  133  8:11  Overlord x2  
  135  8:17  Drone x3  
  135  8:18  Overlord  
  135  8:22  Drone x2  
  135  8:24  Spore Crawler  
  135  8:25  Drone x2  
  136  8:28  Hydralisk  
  136  8:29  Hydralisk x2  
  141  8:37  Hydralisk x4  
  149  8:51  Overlord x2  
  149  8:52  Hydralisk x2  
  149  8:53  Hydralisk x3  
  160  8:55  Lurker  
  160  8:56  Lurker  
  160  9:02  Zergling x10  
  166  9:03  Zergling x2  
  166  9:05  Lurker  
  168  9:13  Hydralisk x4  
  176  9:22  Lurker  
  176  9:24  Zergling x14  
  167  9:55  Hydralisk x7  
  175  10:06  Overlord  
  164  10:09  Overlord  
  164  10:10  Drone x3  
  164  10:11  Drone  
  164  10:12  Extractor  
  167  10:14  Extractor, Zerg Missile Weapons Level 2  
  167  10:15  Drone x3  
  167  10:16  Drone x3  
  172  10:24  Lurker x3  
  172  10:27  Lurker  
  172  10:28  Lurker x2, Zergling x2  
  166  10:29  Zergling x18  
  159  10:52  Lurker x2  
  159  10:53  Lurker x2  
  159  10:55  Hydralisk x4  
  162  10:59  Zergling x18  
  156  11:08  Hydralisk  
  156  11:09  Hydralisk x5  
  147  11:19  Hydralisk  
  147  11:20  Hydralisk x3  
  147  11:23  Hydralisk  
  147  11:24  Zergling x6  
  147  11:25  Zergling x4  
  159  11:35  Hydralisk x6  
  142  11:53  Hydralisk x3  
  129  11:54  Zergling x2  
  129  11:55  Zergling x20  
  129  11:57  Lurker  
  129  11:59  Lurker x2  
  129  12:00  Zergling x2  
  125  12:08  Hydralisk  
  125  12:09  Hydralisk x4  
  110  12:25  Hydralisk  
  110  12:26  Hydralisk x5  
  110  12:28  Zergling x2  
  110  12:29  Zergling x12  
  129  12:35  Hydralisk x2  
  126  12:43  Lurker  
  126  12:44  Lurker  
  128  12:45  Zergling x8  
  128  12:49  Hydralisk x3  
  111  12:59  Hydralisk  
  111  13:01  Zergling x2  
Show
View Real Time Build Order
Export as new Build Order

Harstem Protoss - Winner!

Build Orders: 1 Gate Expand, Dark Templar Rush 

Get SALT Encoding   

  12  0:01  Probe (Chrono Boost)  
  13  0:12  Probe (Chrono Boost)  
  14  0:24  Probe (Chrono Boost), Pylon  
  15  0:42  Probe (Chrono Boost), Gateway  
  16  0:48  Assimilator  
  16  0:53  Probe (Chrono Boost)  
  17  1:03  Probe (Chrono Boost)  
  18  1:14  Probe (Chrono Boost)  
  19  1:24  Probe (Chrono Boost)  
  20  1:29  Nexus  
  20  1:37  Cybernetics Core  
  20  1:43  Probe (Chrono Boost)  
  21  1:48  Assimilator  
  21  1:53  Probe (Chrono Boost)  
  22  1:58  Pylon  
  22  2:04  Probe (Chrono Boost)  
  23  2:10  Warp Gate  
  23  2:13  Adept  
  23  2:18  Probe (Chrono Boost)  
  26  2:23  Twilight Council  
  27  2:30  Probe (Chrono Boost)  
  27  2:38  Pylon  
  27  2:40  Probe (Chrono Boost)  
  27  2:42  Probe (Chrono Boost)  
  29  2:45  Adept  
  32  2:51  Probe (Chrono Boost)  
  32  2:52  Probe (Chrono Boost)  
  33  3:01  Probe (Chrono Boost)  
  33  3:02  Dark Shrine  
  33  3:04  Probe (Chrono Boost), Resonating Glaives  
  35  3:12  Probe (Chrono Boost)  
  36  3:15  Probe (Chrono Boost)  
  37  3:21  Gateway  
  37  3:24  Probe (Chrono Boost)  
  38  3:29  Probe (Chrono Boost)  
  38  3:32  Gateway  
  39  3:37  Probe (Chrono Boost), Adept  
  42  3:43  Probe (Chrono Boost)  
  42  3:47  Pylon  
  44  3:49  Probe (Chrono Boost)  
  44  3:55  Probe (Chrono Boost)  
  45  4:02  Mothership Core (Chrono Boost)  
  47  4:03  Pylon  
  47  4:06  Probe (Chrono Boost)  
  48  4:12  Adept  
  51  4:18  Probe (Chrono Boost)  
  51  4:22  Probe (Chrono Boost)  
  51  4:24  Dark Templar  
  54  4:30  Probe (Chrono Boost)  
  55  4:32  Nexus  
  55  4:33  Dark Templar  
  55  4:34  Probe (Chrono Boost)  
  58  4:42  Adept, Pylon, Assimilator  
  58  4:43  Probe (Chrono Boost)  
  62  4:46  Probe (Chrono Boost)  
  62  4:53  Dark Templar  
  62  4:55  Probe (Chrono Boost)  
  62  4:58  Probe (Chrono Boost)  
  67  5:07  Probe (Chrono Boost)  
  67  5:10  Probe (Chrono Boost)  
  68  5:18  Robotics Facility  
  68  5:19  Probe (Chrono Boost)  
  68  5:20  Assimilator  
  70  5:23  Probe (Chrono Boost), Pylon  
  70  5:27  Stalker x2  
  74  5:31  Probe (Chrono Boost)  
  74  5:32  Pylon  
  74  5:33  Forge  
  74  5:35  Probe (Chrono Boost)  
  74  5:41  Stalker  
  77  5:43  Probe (Chrono Boost)  
  77  5:45  Probe (Chrono Boost)  
  77  5:47  Probe (Chrono Boost)  
  77  5:48  Sentry  
  81  5:53  Pylon  
  81  5:55  Probe (Chrono Boost)  
  81  5:56  Probe (Chrono Boost)  
  83  5:59  Probe (Chrono Boost)  
  83  6:01  Immortal  
  84  6:06  Probe (Chrono Boost), Blink, Pylon  
  84  6:07  Probe (Chrono Boost)  
  84  6:09  Sentry  
  93  6:11  Probe (Chrono Boost)  
  93  6:13  Photon Cannon  
  93  6:17  Probe (Chrono Boost)  
  95  6:19  Probe (Chrono Boost)  
  95  6:23  Probe (Chrono Boost)  
  96  6:25  Gateway  
  96  6:27  Probe (Chrono Boost), Protoss Ground Weapons Level 1  
  96  6:28  Gateway  
  96  6:31  Probe (Chrono Boost)  
  98  6:35  Probe (Chrono Boost), Assimilator  
  98  6:38  Sentry, Photon Cannon, Stalker  
  98  6:39  Probe (Chrono Boost), Assimilator  
  104  6:44  Probe (Chrono Boost)  
  104  6:45  Stalker  
  108  6:48  Probe (Chrono Boost)  
  108  6:53  Pylon  
  108  6:57  Phoenix  
  108  6:59  Probe (Chrono Boost)  
  108  7:01  Gateway  
  109  7:05  Pylon  
  109  7:06  Gateway  
  109  7:13  Stalker x3  
  115  7:18  Gateway  
  115  7:22  Immortal  
  113  7:23  Photon Cannon  
  117  7:31  Stalker x2  
  121  7:39  Robotics Bay  
  121  7:40  Stalker x2  
  121  7:41  Sentry  
  127  7:52  Pylon  
  127  7:57  Stalker x2  
  131  7:59  Observer  
  131  8:01  Nexus  
  131  8:04  Pylon  
  133  8:07  Probe (Chrono Boost)  
  133  8:08  Robotics Facility  
  133  8:16  Adept x5  
  133  8:19  Pylon  
  143  8:20  Protoss Ground Weapons Level 2, Pylon  
  143  8:21  Disruptor  
  144  8:32  Photon Cannon  
  144  8:33  Photon Cannon  
  144  8:36  Photon Cannon  
  144  8:39  Photon Cannon  
  144  8:40  Adept  
  144  8:41  Photon Cannon  
  146  8:42  Pylon  
  145  8:52  Probe (Chrono Boost), Pylon, Photon Cannon, Disruptor, Observer Gravitic Boosters  
  145  8:53  Photon Cannon  
  146  8:55  Pylon x2  
  146  8:56  Disruptor  
  146  8:58  Probe (Chrono Boost)  
  153  9:08  Adept x2  
  153  9:09  Adept  
  159  9:11  Adept  
  161  9:21  Probe (Chrono Boost)  
  161  9:23  Disruptor  
  162  9:25  Stalker x3  
  162  9:30  Adept  
  173  9:33  Adept  
  173  9:36  Disruptor  
  167  9:51  Adept x4  
  167  9:52  Adept  
  177  9:54  Disruptor  
  174  10:07  Stalker x3  
  180  10:17  Probe (Chrono Boost), Pylon  
  177  10:27  Adept x2  
  176  10:40  Disruptor, Nexus  
  173  10:53  Stalker x8  
  173  10:57  Observer  
  182  11:15  Observer  
  182  11:17  Stalker  
  182  11:18  Stalker x4  
  189  11:30  Observer  
  189  11:33  Probe x2 (Chrono Boost)  
  189  11:34  Probe (Chrono Boost)  
  179  11:44  Pylon  
  179  11:46  Probe (Chrono Boost)  
  166  11:48  Pylon  
  156  11:55  Stalker x8  
  151  12:17  Immortal x2  
  151  12:20  Stalker x7  
  151  12:21  Stalker  
  171  12:40  Photon Cannon  
  171  12:43  Photon Cannon  
  171  12:48  Adept x2  
  171  12:49  Adept x6  
Tags
 
Add a new tag
Caveats
  • Supply blocks, unpowered buildings, or Contaminate may cause inaccurate times.
  • Supply counts are checked every 10 seconds.